 Dungeon Crawl Stone Soup version 0.21.1-1-g345015f (webtiles) character file.

58 nightchill the Cutter (level 4, -3/29 HPs)
             Began as a Kobold Berserker on June 6, 2018.
             Was a Believer of Trog.
             Succumbed to a kobold's poison
             ... on level 3 of the Dungeon.
             The game lasted 00:06:52 (3156 turns).

nightchill the Cutter (Kobold Berserker)            Turns: 3156, Time: 00:06:52

Health: -3/29      AC:  9    Str: 12 (15) XL:     4   Next: 21%
Magic:  4/4        EV:  8    Int:  5 (8)  God:    Trog [**....]
Gold:   173        SH:  0    Dex: 12 (14) Spells: 3/3 levels left

rFire    . . .     SeeInvis .   a - +0 short sword
rCold    . . .     Gourm    .   (shield restricted)
rNeg     . . .     Faith    .   n - +0 chain mail (curse)
rPois    .         Spirit   .   (no helmet)
rElec    .         Reflect  .   m - +0 cloak
rCorr    .         Harm     .   (no gloves)
MR       .....                  (no boots)
Stlth    ..........             (no amulet)
HPRegen  0.09/turn              (no ring)
MPRegen  0.09/turn              (no ring)

@: lethally poisoned (-3 -> -33), berserk cooldown, slowed, very slow
A: small, carnivore
a: Berserk, Trog's Hand, Burn Spellbooks, Renounce Religion


You were on level 3 of the Dungeon.
You worshipped Trog.
Trog was pleased with you.
You were very full.

You visited 1 branch of the dungeon, and saw 3 of its levels.

You collected 173 gold pieces.

Inventory:

Hand Weapons
 a - a +0 short sword (weapon)
 t - a +2 dagger of venom
Missiles
 d - 62 stones (quivered)
 r - 21 bolts
Armour
 b - a +0 animal skin
 m - a +0 cloak (worn)
 n - a cursed +0 chain mail (worn)
 q - a +0 leather armour
Jewellery
 k - a cursed -3 ring of strength {unknown}
 o - an uncursed amulet of harm {unknown}
 u - an uncursed ring of flight {unknown}
Scrolls
 e - 5 scrolls of identify {unknown}
 f - 3 scrolls of remove curse {unknown}
 j - a scroll of fear {unknown}
 l - a scroll of amnesia {unknown}
 p - a scroll of enchant weapon {unknown}
Potions
 g - a potion of lignification {unknown}
 h - 2 potions of degeneration
 i - 3 potions of heal wounds {unknown}
 s - a potion of magic {unknown}
Comestibles
 c - 5 rations


   Skills:
 + Level 3.7 Fighting
 * Level 5.4 Short Blades
 - Level 1.5 Armour
 - Level 2.4 Dodging
 + Level 2.2 Stealth


You had 3 spell levels left.
You didn't know any spells.

Dungeon Overview and Level Annotations

Branches:
Dungeon (3/15)

Altars:
Dithmenos
Fedhas
Hepliaklqana
Makhleb
Nemelex Xobeh
Qazlal
The Shining One


Innate Abilities, Weirdness & Mutations

You are small and have problems with some larger weapons.
You are carnivorous and can eat meat at any time.


Message History

You feel sick.
Things that are here:
a dagger of venom; a kobold corpse You feel a strong urge to attack something.
* * * LOW HITPOINT WARNING * * *
You feel sick.
* * * LOW HITPOINT WARNING * * *
You feel sick.
Things that are here:
a dagger of venom; a kobold corpse
t - a dagger of venom You feel your anger nearly subside.
You are no longer berserk.
You are exhausted.
You feel yourself slow down.
* * * LOW HITPOINT WARNING * * *
You feel sick.
It was a potion of degeneration.
There was something very wrong with that liquid.
You feel weakened.
You feel dopey.
You feel clumsy.
You die...

#.........# ##+##
###.....### #.#
###.### ######.####
#.. ........... ###
####...###
############.....#
#.≈..≈..........##
#.≈....≈.≈≈≈^..##
#.@≈≈≈≈≈≈≈≈≈.≈.#
#≈≈≈≈≈≈≈≈≈≈≈≈..#
#..≈≈≈≈≈≈≈≈≈.).#
#≈.≈≈≈≈♣≈≈≈≈≈..####
#(≈≈≈≈≈_♣≈≈≈≈......
#(≈≈≈≈♣..≈≈≈...####
#.≈≈≈≈≈≈≈≈≈≈...#
#..≈≈≈≈≈≈≈≈≈≈≈.####
#.≈≈≈≈≈≈≈≈≈≈......#


There were no monsters in sight!

Vanquished Creatures
  2 adders (D:2)
  2 worms (D:2)
  A dart slug (D:1)
  A leopard gecko (D:3)
  7 bats
  2 giant cockroaches (D:1)
  3 hobgoblins
  4 jackals
  2 frilled lizards (D:2)
  4 goblins
  3 kobolds
  A rat (D:1)
32 creatures vanquished.

Notes
Turn   | Place    | Note
-------+----------+-------------------------------------------
     0 | D:1      | nightchill the Kobold Berserker began the quest for the Orb.
     0 | D:1      | Reached XP level 1. HP: 14/14 MP: 1/1
   799 | D:1      | Reached skill level 1 in Stealth
   799 | D:1      | Reached XP level 2. HP: 11/19 MP: 2/2
  1469 | D:2      | Found a glowing golden altar of the Shining One.
  1698 | D:2      | Found a sparkling altar of Nemelex Xobeh.
  1725 | D:2      | Reached XP level 3. HP: 21/23 MP: 3/3
  1841 | D:2      | Reached skill level 5 in Short Blades
  1968 | D:2      | Found a stormy altar of Qazlal.
  1977 | D:2      | Found a shadowy altar of Dithmenos.
  2068 | D:2      | Found a burning altar of Makhleb.
  2071 | D:2      | Found a blossoming altar of Fedhas.
  2095 | D:2      | Found a hazy altar of Hepliaklqana.
  2175 | D:2      | Reached XP level 4. HP: 29/29 MP: 4/4
  2445 | D:3      | Found a faded altar of an unknown god.
  2634 | D:3      | Reached ** piety under Trog
  3155 | D:3      | HP: 1/29 [poisoned by a kobold]
  3156 | D:3      | Succumbed to a kobold's poison

Skill      XL: |  1  2  3 |
---------------+----------+-----
Stealth        | 1 2 |  2.2
Short Blades   | 5 |  5.4
Fighting       | |  3.7
Armour         | |  1.5
Dodging        | |  2.4

Action                   |  1- 3 |  4- 6 || total
-------------------------+-------+-------++-------
Melee: Short sword       |   122 |    33 ||   155
Invok: Berserk           |     3 |     1 ||     4
  Use: Potion            |       |     1 ||     1
  Eat: Chunk             |    14 |     4 ||    18
Armor: Animal skin       |     6 |       ||     6
       Chain mail        |    49 |    17 ||    66
Dodge: Dodged            |    69 |    19 ||    88
